 Dungeon Crawl Stone Soup version 0.30-a0-629-gd54f4be4f7 (webtiles) character file.

Game seed: 5441121340496676797

29141 Dirtsage the Zephyrmancer (level 13, -6/102 HPs)
             Began as an Octopode Transmuter on Jan 12, 2023.
             Was an Initiate of Gozag.
             Mangled by a sea snake (10 damage)
             ... on level 5 of the Lair of Beasts.
             The game lasted 00:48:11 (16488 turns).

Dirtsage the Zephyrmancer (Octopode Transmuter)    Turns: 16488, Time: 00:48:11

Health: -6/102     AC: 10    Str: 17    XL:     13   Next: 43%
Magic:  0/20       EV: 11    Int: 25    God:    Gozag
Gold:   1363       SH:  0    Dex: 12    Spells: 5/22 levels left

rFire   + . .      SeeInvis .      - Unarmed
rCold   + + +      Faith    .    (shield currently unavailable)
rNeg    . . .      Spirit   +    (helmet currently unavailable)
rPois   +          Reflect  .    O - amulet of guardian spirit
rElec   .          Harm     .    r - +6 ring of strength
rCorr   .          Rampage  .    l - ring of flight
Will    +....                    F - ring of protection from fire
Stlth   +                        w - +6 ring of intelligence
HPRegen 0.37/turn                z - ring of protection from fire
MPRegen 0.17/turn                L - ring of willpower
                                 (no ring)
                                 (no ring)

@: about to teleport, ice-form, gold aura, flying
A: freezing attack, boosted hp, almost no armour, amphibious, 8 rings, large,
(camouflage 1), (gelatinous body 1), (nimble swimmer 1), (tentacles)
a: End Transformation, Renounce Religion, Potion Petition, Call Merchant, Bribe
Branch


You were on level 5 of the Lair of Beasts.
You worshipped Gozag.
Gozag was most pleased with you.
You were a creature of crystalline ice.
You visited 3 branches of the dungeon, and saw 15 of its levels.

You collected 3637 gold pieces.
You spent 1271 gold pieces at shops.
You paid 1003 gold pieces to Gozag.

Inventory:

Missiles
 A - a curare-tipped dart
Magical Staves
 a - a staff of fire
Jewellery
 l - a ring of flight (right front paw)
 r - a +6 ring of strength (left front paw)
 u - an amulet of the acrobat
 w - a +6 ring of intelligence (on tentacle)
 z - a ring of protection from fire (on tentacle)
 F - a ring of protection from fire (on tentacle)
 I - an amulet of magic regeneration
 L - a ring of willpower (on tentacle)
 O - an amulet of guardian spirit (around neck)
Wands
 d - a wand of polymorph (9)
 p - a wand of mindburst (7)
 y - a wand of acid (9)
 D - a wand of digging (3)
 E - a wand of flame (17) (quivered)
 K - a wand of paralysis (6)
Scrolls
 b - 2 scrolls of torment
 c - 2 scrolls of fog
 e - 2 scrolls of brand weapon
 g - 2 scrolls of fear
 i - a scroll of identify
 m - 3 scrolls of amnesia
 o - 4 scrolls of noise
 s - 2 scrolls of poison
 t - a scroll of teleportation
 v - 4 scrolls of magic mapping
 B - a scroll of blinking
 C - 2 scrolls of enchant armour
 G - 2 scrolls of immolation
 J - a scroll of vulnerability
 M - a scroll of butterflies {unknown}
 P - a scroll of enchant weapon {unknown}
Potions
 f - 5 potions of attraction
 h - 2 potions of flight
 j - 4 potions of cancellation
 k - 7 potions of mutation
 n - 3 potions of resistance
 q - 4 potions of curing
 x - 2 potions of degeneration
 H - a potion of lignification
 N - a potion of brilliance {unknown}
 Q - a potion of berserk rage {unknown}


   Skills:
 + Level 6.9 Fighting
 - Level 5.1 Dodging
 + Level 8.4 Unarmed Combat
 - Level 5.0 Spellcasting
 - Level 8.0 Conjurations
 - Level 5.8 Translocations
 * Level 9.3 Transmutations
 - Level 8.0 Ice Magic
 * Level 9.7 Air Magic
 - Level 5.0 Evocations


You had 5 spell levels left.
You knew the following spells:

 Your Spells              Type           Power      Damage    Failure   Level
a - Ice Form              Ice/Tmut       49%        N/A       2%          4
b - Wereblood             Tmut           52%        N/A       1%          2
c - Freezing Cloud        Conj/Ice/Air   24%        6-21      7%          5
d - Manifold Assault      Tloc           35%        N/A       8%          4
e - Blink                 Tloc           70%        N/A       1%          2

Your spell library contained the following spells:

 Spells                   Type           Power      Damage    Failure   Level
 Beastly Appendage        Tmut           100%       N/A       1%          1
 Spider Form              Tmut/Pois      29%        N/A       3%          3
 Storm Form               Tmut/Air       26%        N/A       80%         7
 Chain Lightning          Conj/Air       25%        3d33      100%        9
 Fire Storm               Conj/Fire      13%        8d3       100%        9
 Polar Vortex             Ice            23%        N/A       100%        9
 Shatter                  Erth           3%         3d7*      100%        9
 Simulacrum               Ice/Necr       Unusable   N/A       N/A         6

Dungeon Overview and Level Annotations

Branches:
Dungeon (9/15)             Temple (1/1) D:5            Lair (5/5) D:8
 Shoals (0/4) Lair:3        Snake (0/4) Lair:3
  Slime: Lair:4-5       Orc: D:9-12

Altars:
Ashenzari
Cheibriados
Dithmenos
Elyvilon
Fedhas
Gozag
Hepliaklqana
Kikubaaqudgha
Makhleb
Nemelex Xobeh
Okawaru
Qazlal
Ru
Sif Muna
Trog
Uskayaw
Vehumet
Wu Jian
Xom
Yredelemnul
The Shining One

Shops:
D:6 ?   D:7 (   Lair:2 =

Annotations:
D:9 exclusion: kobold demonologist


Innate Abilities, Weirdness & Mutations

You are a creature of crystalline ice.
You have a powerful freezing melee attack.
Your maximum health is increased.
Your armour is entirely melded.
You are incapable of wielding weapons or throwing items.
You cannot wear most types of armour.
You are amphibious.
You can wear up to eight rings at the same time.
((Your skin changes colour to match your surroundings (Stealth+).))
((Your rubbery body absorbs attacks. (AC +1, EV +1)))
((You are camouflaged when in or above water. (Stealth+)))
((You have tentacles for arms and can constrict up to eight enemies at once.))


Message History

* * * LOW HITPOINT WARNING * * *
The death yak is engulfed in freezing vapours.
The death yak gores you!
* * * LOW HITPOINT WARNING * * *
You take 20 damage, and have 10/102 hp.
Okay, then.
As you read the scroll of fear, it crumbles to dust.
You assume a fearsome visage.
The rime drake looks frightened!
The death yak looks frightened! x2
The death yak resists with almost no effort.
The death yak looks frightened!
You hear the slow rumble of an avalanche of rocks nearby.
The rime drake is engulfed in freezing vapours.
The death yak is engulfed in freezing vapours.
The death yak gores you!
* * * LOW HITPOINT WARNING * * *
The death yak is distracted by your dazzling golden aura.
The death yak bellows!
You take 8 damage, and have 2/102 hp.
Okay, then.
You feel better.
Your surroundings suddenly seem different.
A merfolk avatar, a sea snake, a snapping turtle, an elephant and a steam dragon come into view.
The sea snake bites you!
* * * LOW HITPOINT WARNING * * *
You feel a bit more experienced.
The snapping turtle hisses angrily.
You regained 2 hp, and now have 4/102 hp.
As you read the scroll of teleportation, it crumbles to dust.
You feel strangely unstable. The sea snake bites you.
* * * LOW HITPOINT WARNING * * *
The snapping turtle bites you but does no damage.
The merfolk avatar is distracted by your dazzling golden aura.
You take 1 damage, and have 3/102 hp.
The snapping turtle attacks as you move away!
The snapping turtle bites you but does no damage.
The ice encasing you melts away. The sea snake bites you!
You die...
Your body crumbles into a pile of gold. ######..# #. #=$/!#~~ ~ .# #:≈≈[P~ .~ ~ )≈≈!~ ~~~ ##~ $?)!

~~~~
#m8##~~#~8~#
#~~~~~~~~~~#~
#P~#PStY.~~.~
#⌠~.YP#~~~⌠#.
#####.~~#~##
~.~~# ~~
~~~~~P P
D~.~~~##
~~##P~~~ ~..
....~ ######
. .#...
#.P..#..


You could see an elephant, a sea snake and a snapping turtle.

Vanquished Creatures
  A catoblepas (Lair:4)
  3 hydras
  Erica (Lair:2)
  A boulder beetle (Lair:4)
  12 death yaks
  Amaemon (Lair:1)
  A salamander (shapeshifter) (D:9)
  6 elephants (Lair:4)
  Joseph (D:7)
  2 black mambas
  An orange demon (Lair:1)
  7 cane toads
  3 rime drakes
  A troll (D:8)
  A polar bear (Lair:2)
  3 blink frogs (Lair:4)
  30 yaks
  5 wyverns
  4 basilisks
  A steam dragon (D:9)
  An acid dragon (D:9)
  4 nagas (Lair:3)
  11 water moccasins
  Duvessa (D:7)
  3 orc warriors
  A black bear (Lair:1)
  The ghost of Chingon the Cudgeller, an amateur MiFi (D:3)
  6 wolves
  3 centaurs
  An ogre (D:5)
  A phantom (D:7)
  3 kobold brigands
  A necrophage (D:5)
  8 bullfrogs
  2 scorpions
  3 wights (D:9)
  Dowan (D:7)
  2 howler monkeys
  6 hounds
  A jelly (D:5)
  2 orc priests
  Ijyb (D:4)
  4 iguanas
  7 orc wizards
  10 adders
  A white imp (D:5)
  An ufetubus (D:7)
  2 worms
  23 orcs
  7 ball pythons
  2 bats
  4 endoplasms
  3 giant cockroaches (D:1)
  15 goblins
  5 hobgoblins
  2 jackals (D:1)
  8 quokkas
  4 frilled lizards
  22 kobolds
  7 rats
275 creatures vanquished.

Vanquished Creatures (others)
  33 fungi
  45 plants
78 creatures vanquished.

Grand Total: 353 creatures vanquished

Notes
Turn   | Place    | Note
-------+----------+-------------------------------------------
     0 | D:1      | Dirtsage the Octopode Transmuter began the quest for the
                  | Orb.
     0 | D:1      | Reached XP level 1. HP: 13/13 MP: 3/3
   111 | D:1      | Reached skill level 1 in Ice Magic
   111 | D:1      | Reached XP level 2. HP: 10/18 MP: 3/5
   224 | D:1      | Learned a level 2 spell: Wereblood
   635 | D:1      | Reached XP level 3. HP: 21/23 MP: 6/6
   960 | D:2      | Reached XP level 4. HP: 28/28 MP: 7/7
  1149 | D:2      | Found a faded altar of an unknown god.
  1850 | D:3      | Found a runed translucent gate.
  1850 | D:3      | Found a runed translucent gate.
  1850 | D:3      | Found an opulent altar of Gozag.
  1851 | D:3      | Found a runed translucent gate.
  1852 | D:3      | Noticed Chingon's ghost (amateur MiFi)
  1911 | D:3      | Killed Chingon's ghost
  1912 | D:3      | Reached XP level 5. HP: 16/33 MP: 8/8
  1921 | D:3      | Reached XP level 6. HP: 14/38 MP: 9/9
  2014 | D:3      | Became a worshipper of Gozag Ym Sagoz the Greedy
  2331 | D:3      | Learned a level 4 spell: Ice Form
  2834 | D:4      | Found an ancient bone altar of Kikubaaqudgha.
  2834 | D:4      | Found a radiant altar of Vehumet.
  2840 | D:4      | Found an ornate altar of the Wu Jian Council.
  2843 | D:4      | Found a hide-covered altar of Uskayaw.
  2843 | D:4      | Found a basalt altar of Yredelemnul.
  2850 | D:4      | Reached skill level 5 in Transmutations
  2960 | D:4      | Noticed Ijyb
  2977 | D:4      | Killed Ijyb
  3405 | D:5      | Entered Level 5 of the Dungeon
  3444 | D:5      | Reached XP level 7. HP: 43/43 MP: 5/10
  3476 | D:5      | Reached skill level 5 in Ice Magic
  3545 | D:5      | Found a staircase to the Ecumenical Temple.
  3779 | D:5      | Found a broken altar of Ashenzari.
  4253 | Temple   | Entered the Ecumenical Temple
  4715 | D:6      | Reached XP level 8. HP: 44/48 MP: 6/11
  4825 | D:6      | Found an iron altar of Okawaru.
  5181 | D:6      | Found Toekif's Magic Scroll Shoppe.
  5197 | D:6      | Bought a scroll of acquirement for 624 gold pieces
  5197 | D:6      | Acquired 762 gold pieces
  5199 | D:6      | Bought a scroll of amnesia for 48 gold pieces
  5199 | D:6      | Bought a scroll of fear for 48 gold pieces
  5199 | D:6      | Bought a scroll of amnesia for 48 gold pieces
  5199 | D:6      | Bought a scroll of enchant armour for 90 gold pieces
  5199 | D:6      | Bought a scroll of fog for 48 gold pieces
  5199 | D:6      | Bought a scroll of blinking for 90 gold pieces
  5719 | D:7      | Noticed Joseph
  5729 | D:7      | Noticed Duvessa
  5730 | D:7      | Killed Joseph
  5731 | D:7      | Reached skill level 1 in Translocations
  5731 | D:7      | Reached skill level 1 in Air Magic
  5731 | D:7      | Reached skill level 1 in Evocations
  5934 | D:7      | Learned a level 4 spell: Manifold Assault
  6019 | D:7      | Noticed Dowan
  6029 | D:7      | Killed Duvessa
  6030 | D:7      | Reached XP level 9. HP: 40/54 MP: 6/12
  6030 | D:7      | Killed Dowan
  6428 | D:7      | Found Yxeit's Antique Weapon Emporium.
  7133 | D:7      | Saving game... please wait.
  7423 | D:7      | Saving game... please wait.
  7750 | D:8      | Reached XP level 10. HP: 58/63 MP: 13/13
  7915 | D:8      | Found a staircase to the Lair.
  8368 | D:8      | Reached skill level 5 in Air Magic
  9117 | D:9      | Found a white marble altar of Elyvilon.
  9225 | D:9      | Noticed a kobold demonologist
  9286 | D:9      | Reached skill level 5 in Unarmed Combat
  9311 | D:9      | Noticed a salamander
  9317 | D:9      | Killed a salamander
  9327 | D:9      | Reached XP level 11. HP: 47/70 MP: 12/14
  9430 | D:9      | Noticed a boulder beetle
  9519 | Lair:1   | Entered Level 1 of the Lair of Beasts
  9576 | Lair:1   | Reached skill level 5 in Dodging
  9885 | Lair:1   | Reached skill level 5 in Evocations
 10045 | Lair:1   | Noticed Amaemon
 10058 | Lair:1   | Killed Amaemon
 10335 | Lair:1   | Reached skill level 5 in Fighting
 11011 | Lair:1   | Learned a level 2 spell: Blink
 11066 | Lair:2   | Reached skill level 5 in Translocations
 11142 | Lair:2   | Bought a ring of willpower for 275 gold pieces
 11354 | Lair:2   | Noticed Erica
 11361 | Lair:2   | Killed Erica
 11364 | Lair:2   | Saving game... please wait.
 11901 | Lair:2   | Reached XP level 12. HP: 22/79 MP: 13/15
 12321 | Lair:2   | Reached skill level 1 in Conjurations
 12883 | Lair:3   | Learned a level 5 spell: Freezing Cloud
 12929 | Lair:3   | Noticed a four-headed hydra
 12937 | Lair:3   | Killed a four-headed hydra
 13214 | Lair:3   | Found a staircase to the Shoals.
 13536 | Lair:3   | Found a staircase to the Snake Pit.
 13946 | Lair:4   | Noticed a four-headed hydra
 13947 | Lair:4   | Noticed a catoblepas
 13969 | Lair:4   | Killed a four-headed hydra
 13970 | Lair:4   | Reached skill level 5 in Conjurations
 14160 | Lair:4   | Noticed a death yak
 14165 | Lair:4   | Noticed a death yak
 14166 | Lair:4   | Noticed a death yak
 14175 | Lair:4   | Noticed a death yak
 14203 | Lair:3   | Killed a death yak
 14538 | Lair:4   | Reached skill level 5 in Spellcasting
 14784 | Lair:4   | Noticed a death yak
 14786 | Lair:4   | Noticed a death yak
 14798 | Lair:4   | Killed a death yak
 14940 | Lair:4   | Noticed a death yak
 14940 | Lair:4   | Noticed a death yak
 14940 | Lair:4   | Noticed a boulder beetle
 14940 | Lair:4   | Noticed a death yak
 15375 | Lair:4   | Killed a death yak
 15384 | Lair:4   | Killed a death yak
 15385 | Lair:4   | Reached XP level 13. HP: 55/83 MP: 1/20
 15999 | Lair:4   | Found a shimmering blue altar of Sif Muna.
 16433 | Lair:5   | Entered Level 5 of the Lair of Beasts
 16485 | Lair:5   | HP: 2/102 [death yak (9)]
 16486 | Lair:5   | Found the +7 Spriggan's Knife {stab, EV+4 Stlth+}
 16488 | Lair:5   | Mangled by a sea snake

Illustrated notes

Levels and vault maps discovered:
D:1:      ncdulo_smallfort, layout_basic
D:2:      cheibrodos_helix_gallery, layout_rooms,
          hellmonk_ecumenical_altar_leap_of_faith
D:3:      layout_loops_ring, serial_bayou, serial_bayou_pond_a,
          serial_bayou_ford_a, serial_bayou_lagoon_a, serial_bayou_lagoon_b,
          ebering_ghost_gozag, hangedman_glass_teeth
D:4:      layout_basic, grunt_temple_overflow_open, uniq_ijyb
D:5:      layout_loops_ring, evilmike_ruin_ashenzari,
          minmay_temple_entry_gardened_gates, minmay_misc_feat_secret_circle
D:6:      layout_cave_pods, kennysheep_okawaru_gauntlet, serial_shops,
          shop_coins
D:7:      layout_gridville, kennysheep_small_circle, uniq_duvessa, uniq_joseph
D:8:      layout_cave_pods, minmay_lair_entry_grove, serial_glass,
          glass_columns_b, glass_columns_a
D:9:      minmay_the_grid_octo_tiled_squarecenter [minmay_the_grid_octo_focus,
          minmay_the_grid_octo_pinwheel, minmay_the_grid_octo_odd_swirl,
          minmay_the_grid_octo_thin_diamonds,
          minmay_the_grid_square_5x5_megaprize_diamond,
          minmay_the_grid_square_5x5_c, minmay_the_grid_square_5x5_gyroscope,
          minmay_the_grid_square_5x5_spiral_small,
          minmay_the_grid_square_5x5_misaligned], layout_small_grid,
          grunt_temple_overflow_gold_and_silver, mainiacjoe_overflow_brackets
Temple:   hc_temple_tempest_star
Lair:1:   layout_regular_city, uniq_amaemon
Lair:2:   layout_hall_layers, grunt_megastairs_1, uniq_erica
Lair:3:   layout_cellular_growth, shoals_dummy_entry,
          minmay_snake_entry_guardpost_small
Lair:4:   layout_regular_city, basic_altar, grunt_megastairs_4
Lair:5:   gammafunk_lair_ancient_temple, layout_cellular_growth, slime_entry_2,
          nicolae_volcano_entry_hallway, st_stairs_3, minmay_lair_drake_nest

Skill      XL: |  1  2  3  4  5  6  7  8  9 10 11 12 13 |
---------------+----------------------------------------+-----
Ice Magic      | 1 2 3 4 6 7 8 |  8.0
Transmutations | 3 4 5 6 7 8 9 |  9.3
Translocations | 1 2 4 5 |  5.8
Air Magic      | 2 4 6 8 9 |  9.7
Evocations     | 1 3 4 5 |  5.0
Fighting       | 2 3 4 6 |  6.9
Dodging        | 3 4 5 |  5.1
Unarmed Combat | 4 5 7 8 |  8.4
Conjurations   | 7 8 |  8.0
Spellcasting   | 5 |  5.0

Action                   |  1- 3 |  4- 6 |  7- 9 | 10-12 | 13-15 || total
-------------------------+-------+-------+-------+-------+-------++-------
Melee: Unarmed           |    72 |   142 |   228 |   405 |    40 ||   887
       Constrict         |    24 |    21 |     2 |     2 |       ||    49
       Kick              |    20 |    14 |     1 |       |       ||    35
       Tentacles         |    16 |    16 |     3 |     1 |       ||    36
       Punch             |     4 |     2 |     1 |     1 |       ||     8
 Cast: Beastly Appendage |    12 |    15 |     1 |     1 |       ||    29
       Wereblood         |     1 |     1 |    12 |    12 |     1 ||    27
       Ice Form          |       |     5 |    24 |    46 |     5 ||    80
       Freezing Cloud    |       |       |       |    14 |     9 ||    23
       Blink             |       |       |       |     2 |     1 ||     3
       Manifold Assault  |       |       |       |     2 |       ||     2
Invok: Call Merchant     |       |       |       |     1 |       ||     1
       Potion Petition   |       |       |       |     1 |       ||     1
Evoke: Wand              |       |       |     1 |     7 |     3 ||    11
  Use: Potion            |       |     1 |     1 |       |     2 ||     4
       Scroll            |       |       |    14 |     7 |     3 ||    24
 Stab: Sleeping          |     2 |     7 |       |       |       ||     9
       Distracted        |       |       |       |     3 |     1 ||     4
       Invisible         |       |       |       |     1 |     2 ||     3
Armor: Skin              |     8 |    85 |    77 |   100 |    10 ||   280
Dodge: Dodged            |    39 |    51 |   101 |   181 |    12 ||   384

Table legend: (Time is in decaauts)
 A = Elapsed time spent in this place.
 B = Non-inter-level travel time spent in this place.
 C = Inter-level travel time spent in this place.
 D = Time resting spent in this place.
 E = Time spent auto-exploring this place.
 F = Levels seen in this place.
 G = Mean time per level.
                   A        B        C        D        E       F      G
               +--------+--------+--------+--------+--------+-----+--------+
         Total |  16396 |  15767 |    629 |   1673 |  11571 |  15 | 1093.1 |
       Dungeon |   9230 |   8803 |    427 |    729 |   6653 |   9 | 1025.6 |
        Temple |    244 |    243 |      1 |      0 |    230 |   1 |  244.0 |
          Lair |   6921 |   6720 |    201 |    944 |   4688 |   5 | 1384.2 |
               +--------+--------+--------+--------+--------+-----+--------+

Top non-repeatable levels by time:
  Lair:4: 2276 daAuts
  Lair:2: 1711 daAuts
     D:8: 1575 daAuts
     D:7: 1521 daAuts
  Lair:1: 1501 daAuts
  Lair:3: 1378 daAuts
     D:6: 1334 daAuts
     D:3: 1020 daAuts
     D:4: 936 daAuts
     D:1: 891 daAuts
     D:5: 881 daAuts
     D:2: 540 daAuts
     D:9: 529 daAuts
  Temple: 244 daAuts
  Lair:5: 52 daAuts
